Canucks vs Oilers

Created - March 1, 2015 at 11:33

Goals
1 2 3 T
Canucks 1 1 2 4
Oilers 1 1 1 3
Shots
1 2 3 T
Canucks 7 9 6 22
Oilers 8 9 10 27

1st period

1. Oilers , Shane Doan 14 (Mikkel Boedker, Brad Richards) at 13:46
2. Canucks , Logan Couture 23 (Erik Karlsson, Andrei Markov) at 19:00

Penalties :
Vladimir Sobotka (VAN) for Charging (Minor) at 7:04, Justin Williams (EDM) for Tripping (Minor) at 9:46

2nd period

3. Oilers , Brad Richards 29 (Mikkel Boedker, Shane Doan) at 1:10
4. Canucks , Alex Pietrangelo 16 (Claude Giroux, Adam Henrique) at 17:16 (PP)

Penalties :
Claude Giroux (VAN) for Interference (Minor) at 2:00, Kevin Bieksa (EDM) for Hooking (Minor) at 5:26, Kevin Bieksa (EDM) for Interference (Minor) at 15:46

3rd period

5. Oilers , Shane Doan 15 (Brad Richards, Mikkel Boedker) at 5:47 (PP)
6. Canucks , Erik Karlsson 14 (Andrei Markov, Brent Burns) at 6:35
7. Canucks , Chris Kreider 4 (Erik Karlsson, Nazem Kadri) at 17:15

Penalties :
Claude Giroux (VAN) for Hooking (Minor) at 4:05, Chad Ruhwedel (EDM) for Tripping (Minor) at 6:57, Justin Braun (VAN) for Roughing (Minor) at 10:00, Mikkel Boedker (EDM) for Tripping (Minor) at 12:33

Goalie Stats

Henrik Lundqvist (VAN), 24 saves from 27 shots - (0.889), W, 32-13-4, 60:00 minutes
Kari Lehtonen (EDM), 18 saves from 22 shots - (0.818), L, 28-21-3, 59:20 minutes

Players Stats for Canucks

Player Name              G  A  P  +/- PIM S  H  SB GA TA FO     MP     PP MP  PK MP  
------------------------------------------------------------------------------------
Adam Henrique            0  1  1  -2  0   1  1  0  0  0  0/1    16:17   0:14   1:58 
Alex Pietrangelo         1  0  1  -1  0   2  0  2  0  0  0/0    23:27   5:25   3:48 
Andrei Markov            0  2  2   2  0   0  3  2  0  0  0/0    17:34   0:00   3:48 
Brent Burns              0  1  1   2  0   0  1  0  0  0  0/0    17:31   4:01   0:00 
Chris Kreider            1  0  1   2  0   1  0  0  0  0  0/0    13:30   0:00   0:00 
Claude Giroux            0  1  1  -2  4   0  3  0  0  0  17/30  19:12   5:09   0:00 
Dmitry Kulikov           0  0  0   0  0   0  0  0  0  0  0/0     3:09   0:00   0:00 
Erik Karlsson            1  2  3   2  0   2  5  0  0  0  0/0    20:37   4:01   0:49 
Jonas Brodin             0  0  0   0  0   1  1  1  0  0  0/0    16:34   0:00   3:51 
Justin Braun             0  0  0   0  2   0  0  2  0  0  0/0    14:58   0:00   3:02 
Logan Couture            1  0  1   1  0   2  0  0  0  0  8/15   20:43   4:17   5:41 
Marcus Kruger            0  0  0   0  0   0  0  0  0  0  2/6     6:33   0:00   1:58 
Nazem Kadri              0  1  1   2  0   2  2  0  0  0  11/19  17:47   4:17   0:00 
P.K. Subban              0  0  0  -1  0   2  0  0  0  0  0/0    19:39   5:25   0:00 
Phil Kessel              0  0  0   1  0   4  2  0  0  0  0/2    20:15   4:55   0:00 
Ryan Johansen            0  0  0  -2  0   1  1  0  0  0  3/3    19:14   5:09   0:00 
Ryan OReilly             0  0  0   1  0   4  2  0  0  0  3/10   20:43   4:17   5:41 
Vladimir Sobotka         0  0  0   0  2   0  0  0  0  0  0/0     4:34   0:00   0:00 

Players Stats for Oilers

Player Name              G  A  P  +/- PIM S  H  SB GA TA FO     MP     PP MP  PK MP  
------------------------------------------------------------------------------------
Aleksander Barkov        0  0  0   0  0   0  0  0  0  0  2/3     2:10   0:00   0:00 
Bobby Ryan               0  0  0  -3  0   1  6  0  0  0  1/1    19:23   3:38   0:00 
Brad Richards            1  2  3   2  0   2  0  0  0  0  13/30  22:53   4:01   6:14 
Brian Campbell           0  0  0   0  0   1  0  0  0  0  0/0    24:56   4:05   5:22 
Chad Ruhwedel            0  0  0  -1  2   0  0  1  0  0  0/0    18:13   0:00   3:54 
Dainius Zubrus           0  0  0   0  0   1  0  0  0  0  7/16   14:56   0:00   3:09 
Drew Miller              0  0  0   0  0   0  1  0  0  0  0/0     8:16   0:00   6:17 
Jake Muzzin              0  0  0   0  0   2  1  2  0  0  0/0    17:24   3:34   0:36 
Justin Williams          0  0  0   0  2   4  1  0  0  0  1/3    11:38   0:00   0:03 
Kevin Bieksa             0  0  0   0  4   1  1  0  0  0  0/0    17:54   4:05   0:03 
Kyle Quincey             0  0  0  -1  0   2  0  1  0  0  0/0    18:13   0:00   4:01 
Marc Methot              0  0  0   0  0   0  2  1  0  0  0/0    21:44   3:34   4:56 
Marco Scandella          0  0  0   0  0   0  0  1  0  0  0/0     1:33   0:00   0:00 
Mats Zuccarello          0  0  0  -3  0   2  1  0  0  0  0/0    20:09   3:38   0:00 
Mikkel Boedker           0  3  3   2  2   3  0  0  0  0  1/1    18:37   4:01   0:00 
Shane Doan               2  1  3   2  0   5  5  0  0  0  1/2    17:36   4:01   0:00 
Shawn Matthias           0  0  0   0  0   2  2  0  0  0  2/3    11:36   0:00   0:00 
Tyler Bozak              0  0  0  -3  0   1  1  0  0  0  14/27  23:18   3:38   3:09 

3 Stars

1 - Shane Doan (EDM)
2 - Erik Karlsson (VAN)
3 - Brad Richards (EDM)

Power Play

Canucks - 1 on 5 Attempt(s) - 20.00%
Oilers - 1 on 4 Attempt(s) - 25.00%

Penalty Kill

Canucks - 3 on 4 Attempt(s) - 75.00% - Score 0 goal in Penalty Kill
Oilers - 4 on 5 Attempt(s) - 80.00% - Score 0 goal in Penalty Kill

Team Stat

Canucks - Hits : 21 - Faceoff Wins : 44 - Blocked Shots : 7 - Penalty Minutes : 8
Oilers - Hits : 21 - Faceoff Wins : 42 - Blocked Shots : 6 - Penalty Minutes : 10

Official

Referees : Chris Rooney and Graham Skiliter
Linesman : Greg Devorski and Brad Lazarowich

Game Notes

Marco Scandella is injured at 4:32 of 1st period (Strained Left Elbow)

Finance

Level 1 -- Attendance: 6279 (96.60%) -- Ticket Income $514,878
Level 2 -- Attendance: 4508 (90.16%) -- Ticket Income $324,576
Level 3 -- Attendance: 2499 (71.40%) -- Ticket Income $162,435
Level 4 -- Attendance: 839 (100.00%) -- Ticket Income $53,696
Luxury Box -- Attendance: 1000 (100.00%) -- Ticket Income $205,000
Game was played at the Rexall Place'
Total Attendance: 15125 (89.82%)
Total Ticket Income: $1,260,585
Other Income: $189,088
Total Income: $1,449,673

% Time on Ice - Canucks

Lines # - Real PCT - Wanted PCT - Time Play
Normal Forward
1 - 31% - 34% - 13:08
2 - 26% - 31% - 10:45
3 - 32% - 25% - 13:30
4 - 11% - 10% - 4:35
Normal Defense
1 - 34% - 34% - 14:14
2 - 31% - 32% - 12:49
3 - 28% - 25% - 11:57
4 - 7% - 9% - 2:58
PP Forward
1 - 55% - 60% - 5:09
2 - 45% - 40% - 4:17
PP Defense
1 - 43% - 62% - 4:01
2 - 57% - 38% - 5:25
PK Forward
1 - 74% - 60% - 5:41
2 - 26% - 40% - 1:58
PK Defense
1 - 50% - 50% - 3:48
2 - 50% - 50% - 3:51
PK3 Forward
1 - 0% - 60%
2 - 0% - 40%
PK3 Defense
1 - 0% - 60%
2 - 0% - 40%
44 Forward
1 - 0% - 52%
2 - 0% - 48%
44 Defense
1 - 0% - 51%
2 - 0% - 49%
Last Minute Offensive  - 0:00
Last Minute Defensive  - 0:57
Total
Forward - 60:00
Defense - 60:00

% Time on Ice - Oilers

Lines # - Real PCT - Wanted PCT - Time Play
Normal Forward
1 - 38% - 35% - 15:45
2 - 30% - 30% - 12:38
3 - 28% - 25% - 11:36
4 - 5% - 10% - 1:59
Normal Defense
1 - 31% - 30% - 13:02
2 - 32% - 30% - 13:14
3 - 33% - 30% - 14:01
4 - 4% - 10% - 1:41
PP Forward
1 - 47% - 60% - 3:38
2 - 53% - 40% - 4:01
PP Defense
1 - 53% - 60% - 4:05
2 - 47% - 40% - 3:34
PK Forward
1 - 67% - 60% - 6:17
2 - 33% - 40% - 3:09
PK Defense
1 - 57% - 50% - 5:25
2 - 43% - 50% - 4:01
PK3 Forward
1 - 0% - 60%
2 - 0% - 40%
PK3 Defense
1 - 0% - 60%
2 - 0% - 40%
44 Forward
1 - 0% - 60%
2 - 0% - 40%
44 Defense
1 - 0% - 60%
2 - 0% - 40%
Last Minute Offensive  - 0:57
Last Minute Defensive  - 0:00
Total
Forward - 60:00
Defense - 60:00

Play by Play

1st period


0:01 of 1st period - Claude Giroux wins face-off versus Tyler Bozak in neutral zone.
0:36 of 1st period - Shot by Tyler Bozak.
0:36 of 1st period - Shot Misses the Net.
1:08 of 1st period - Shot by Phil Kessel.
1:08 of 1st period - Shot Misses the Net.
1:20 of 1st period - Shot by Shane Doan.
1:20 of 1st period - Stopped by Henrik Lundqvist without a rebound.
1:21 of 1st period - Nazem Kadri wins face-off versus Dainius Zubrus in Canucks zone.
1:21 of 1st period - Jonas Brodin is hit by Shawn Matthias and loses puck.
1:32 of 1st period - Shot by Nazem Kadri.
1:32 of 1st period - Stopped by Kari Lehtonen without a rebound.
1:33 of 1st period - Aleksander Barkov wins face-off versus Marcus Kruger in Oilers zone.
2:31 of 1st period - Icing by Marcus Kruger.
2:32 of 1st period - Marcus Kruger wins face-off versus Shawn Matthias in Canucks zone.
2:56 of 1st period - Icing by Jake Muzzin.
2:57 of 1st period - Dainius Zubrus wins face-off versus Nazem Kadri in Oilers zone.
2:57 of 1st period - Dainius Zubrus is hit by Brent Burns.
3:19 of 1st period - Shot by Dainius Zubrus.
3:19 of 1st period - Deflect By Shawn Matthias.
3:19 of 1st period - Shot Blocked by Justin Braun.
4:04 of 1st period - Shot by Mats Zuccarello.
4:04 of 1st period - Shot Misses the Net.
4:06 of 1st period - Shot by Chad Ruhwedel.
4:06 of 1st period - Shot Misses the Net.
4:10 of 1st period - Shot by Mats Zuccarello.
4:10 of 1st period - Stopped by Henrik Lundqvist without a rebound.
4:11 of 1st period - Brad Richards wins face-off versus Adam Henrique in Canucks zone.
4:32 of 1st period - Shot by Ryan Johansen.
4:32 of 1st period - Shot Blocked by Marco Scandella.
4:32 of 1st period - Marco Scandella from Oilers is injured at 4:32 of 1st period (Strained Left Elbow).
4:33 of 1st period - Logan Couture wins face-off versus Dainius Zubrus in Oilers zone.
6:19 of 1st period - Icing by P.K. Subban.
6:20 of 1st period - Claude Giroux wins face-off versus Tyler Bozak in Canucks zone.
6:46 of 1st period - Nazem Kadri is hit by Bobby Ryan and loses puck.
6:59 of 1st period - Shot by Nazem Kadri.
6:59 of 1st period - Stopped by Kari Lehtonen without a rebound.
7:00 of 1st period - Marcus Kruger wins face-off versus Dainius Zubrus in Oilers zone.
7:04 of 1st period - Minor Penalty to Vladimir Sobotka for Charging.
7:05 of 1st period - Brad Richards wins face-off versus Ryan OReilly in Canucks zone.
7:26 of 1st period - Shot by Kevin Bieksa.
7:26 of 1st period - Shot Blocked by Andrei Markov.
7:28 of 1st period - Shot by Brian Campbell.
7:28 of 1st period - Stopped by Henrik Lundqvist without a rebound.
7:29 of 1st period - Tyler Bozak wins face-off versus Ryan OReilly in Canucks zone.
8:02 of 1st period - Shot by Tyler Bozak.
8:02 of 1st period - Shot Blocked by Justin Braun.
8:47 of 1st period - Shane Doan is hit by Andrei Markov and loses puck.
9:01 of 1st period - Mikkel Boedker is hit by Andrei Markov and loses puck.
9:04 of 1st period - Shot by Brian Campbell.
9:04 of 1st period - Deflect By Shawn Matthias.
9:04 of 1st period - Stopped by Henrik Lundqvist with a rebound.
9:06 of 1st period - Shot by Kyle Quincey.
9:06 of 1st period - Stopped by Henrik Lundqvist without a rebound.
9:07 of 1st period - Nazem Kadri wins face-off versus Justin Williams in Canucks zone.
9:09 of 1st period - Icing by Erik Karlsson.
9:10 of 1st period - Dainius Zubrus wins face-off versus Nazem Kadri in Canucks zone.
9:21 of 1st period - Shot by Brent Burns.
9:21 of 1st period - Shot Misses the Net.
9:46 of 1st period - Minor Penalty to Justin Williams for Tripping.
9:47 of 1st period - Brad Richards wins face-off versus Phil Kessel in Oilers zone.
10:16 of 1st period - Shot by Phil Kessel.
10:16 of 1st period - Stopped by Kari Lehtonen without a rebound.
10:17 of 1st period - Nazem Kadri wins face-off versus Brad Richards in Oilers zone.
11:07 of 1st period - Erik Karlsson is hit by Tyler Bozak and loses puck.
11:12 of 1st period - Brian Campbell is hit by Nazem Kadri and loses puck.
11:27 of 1st period - Shot by P.K. Subban.
11:27 of 1st period - Stopped by Kari Lehtonen with a rebound.
11:29 of 1st period - Shot by P.K. Subban.
11:29 of 1st period - Stopped by Kari Lehtonen without a rebound.
11:30 of 1st period - Claude Giroux wins face-off versus Brad Richards in Oilers zone.
11:35 of 1st period - Shot by Alex Pietrangelo.
11:35 of 1st period - Shot Misses the Net.
12:04 of 1st period - Jonas Brodin is hit by Bobby Ryan and loses puck.
12:12 of 1st period - Icing by Jonas Brodin.
12:13 of 1st period - Shawn Matthias wins face-off versus Marcus Kruger in Canucks zone.
13:20 of 1st period - Jake Muzzin is hit by Ryan Johansen.
13:46 of 1st period - Shot by Shane Doan.
13:46 of 1st period - Goal by Shane Doan - Canucks : 0 - Oilers : 1.
13:47 of 1st period - Nazem Kadri wins face-off versus Tyler Bozak in neutral zone.
13:52 of 1st period - Shot by Erik Karlsson.
13:52 of 1st period - Shot Blocked by Kyle Quincey.
14:38 of 1st period - Icing by Andrei Markov.
14:39 of 1st period - Nazem Kadri wins face-off versus Brad Richards in Canucks zone.
14:39 of 1st period - Nazem Kadri is hit by Shane Doan.
14:49 of 1st period - Icing by Kevin Bieksa.
14:50 of 1st period - Brad Richards wins face-off versus Logan Couture in Oilers zone.
14:50 of 1st period - Brad Richards is hit by Phil Kessel.
15:02 of 1st period - Shot by Mikkel Boedker.
15:02 of 1st period - Shot Blocked by Alex Pietrangelo.
15:58 of 1st period - Icing by Jonas Brodin.
15:59 of 1st period - Claude Giroux wins face-off versus Tyler Bozak in Canucks zone.
16:16 of 1st period - Icing by Jake Muzzin.
16:17 of 1st period - Nazem Kadri wins face-off versus Tyler Bozak in Oilers zone.
16:42 of 1st period - Shot by Marc Methot.
16:42 of 1st period - Shot Misses the Net.
16:44 of 1st period - Shot by Bobby Ryan.
16:44 of 1st period - Shot Misses the Net.
16:46 of 1st period - Shot by Mats Zuccarello.
16:46 of 1st period - Deflect By Tyler Bozak.
16:46 of 1st period - Shot Misses the Net.
16:50 of 1st period - Shot by Bobby Ryan.
16:50 of 1st period - Stopped by Henrik Lundqvist without a rebound.
16:51 of 1st period - Logan Couture wins face-off versus Dainius Zubrus in Canucks zone.
16:51 of 1st period - Logan Couture is hit by Shawn Matthias.
16:59 of 1st period - Chad Ruhwedel is hit by Phil Kessel and loses puck.
17:24 of 1st period - Shot by Logan Couture.
17:24 of 1st period - Stopped by Kari Lehtonen without a rebound.
17:25 of 1st period - Claude Giroux wins face-off versus Brad Richards in Oilers zone.
17:48 of 1st period - Shot by Shane Doan.
17:48 of 1st period - Stopped by Henrik Lundqvist without a rebound.
17:49 of 1st period - Tyler Bozak wins face-off versus Logan Couture in Canucks zone.
18:07 of 1st period - Icing by Marc Methot.
18:08 of 1st period - Tyler Bozak wins face-off versus Claude Giroux in Oilers zone.
18:12 of 1st period - Off-side.
18:13 of 1st period - Logan Couture wins face-off versus Brad Richards in neutral zone.
18:20 of 1st period - Chad Ruhwedel is hit by Erik Karlsson and loses puck.
18:24 of 1st period - Icing by Andrei Markov.
18:25 of 1st period - Logan Couture wins face-off versus Tyler Bozak in Canucks zone.
18:25 of 1st period - Logan Couture is hit by Bobby Ryan.
18:30 of 1st period - Erik Karlsson is hit by Bobby Ryan and loses puck.
18:58 of 1st period - Erik Karlsson is hit by Marc Methot.
19:00 of 1st period - Shot by Logan Couture.
19:00 of 1st period - Goal by Logan Couture - Canucks : 1 - Oilers : 1.
19:01 of 1st period - Claude Giroux wins face-off versus Brad Richards in neutral zone.
19:14 of 1st period - Shot by Shane Doan.
19:14 of 1st period - Shot Misses the Net.
19:59 of 1st period - Off-side.
Goals for this period are 1 for Canucks vs 1 for Oilers.
Shots for this period are 7 for Canucks vs 8 for Oilers.

2nd period


0:01 of 2nd period - Tyler Bozak wins face-off versus Logan Couture in neutral zone.
0:27 of 2nd period - Shot by Logan Couture.
0:27 of 2nd period - Deflect By Ryan OReilly.
0:27 of 2nd period - Stopped by Kari Lehtonen without a rebound.
0:28 of 2nd period - Aleksander Barkov wins face-off versus Claude Giroux in Oilers zone.
0:33 of 2nd period - Shot by Jake Muzzin.
0:33 of 2nd period - Stopped by Henrik Lundqvist with a rebound.
0:35 of 2nd period - Shot by Mikkel Boedker.
0:35 of 2nd period - Stopped by Henrik Lundqvist without a rebound.
0:36 of 2nd period - Claude Giroux wins face-off versus Shane Doan in Canucks zone.
1:10 of 2nd period - Shot by Brad Richards.
1:10 of 2nd period - Goal by Brad Richards - Canucks : 1 - Oilers : 2.
1:11 of 2nd period - Tyler Bozak wins face-off versus Logan Couture in neutral zone.
1:38 of 2nd period - Shot by Jonas Brodin.
1:38 of 2nd period - Stopped by Kari Lehtonen without a rebound.
1:39 of 2nd period - Nazem Kadri wins face-off versus Dainius Zubrus in Oilers zone.
1:47 of 2nd period - Icing by Dainius Zubrus.
1:48 of 2nd period - Claude Giroux wins face-off versus Justin Williams in Oilers zone.
2:00 of 2nd period - Minor Penalty to Claude Giroux for Interference.
2:01 of 2nd period - Tyler Bozak wins face-off versus Ryan OReilly in Canucks zone.
2:08 of 2nd period - Shot by Kevin Bieksa.
2:08 of 2nd period - Shot Misses the Net.
2:19 of 2nd period - Shot by Kevin Bieksa.
2:19 of 2nd period - Stopped by Henrik Lundqvist without a rebound.
2:20 of 2nd period - Mikkel Boedker wins face-off versus Ryan OReilly in Canucks zone.
2:52 of 2nd period - Shot by Adam Henrique.
2:52 of 2nd period - Shot Blocked by Jake Muzzin.
3:14 of 2nd period - Shot by Adam Henrique.
3:14 of 2nd period - Shot Misses the Net.
3:39 of 2nd period - Icing by Brad Richards.
3:40 of 2nd period - Brad Richards wins face-off versus Ryan OReilly in Oilers zone.
3:59 of 2nd period - Logan Couture is hit by Bobby Ryan and loses puck.
4:18 of 2nd period - Dainius Zubrus is hit by Nazem Kadri and loses puck.
4:31 of 2nd period - Shot by Chad Ruhwedel.
4:31 of 2nd period - Shot Misses the Net.
5:26 of 2nd period - Minor Penalty to Kevin Bieksa for Hooking.
5:27 of 2nd period - Brad Richards wins face-off versus Claude Giroux in Oilers zone.
5:27 of 2nd period - Brad Richards is hit by Claude Giroux.
5:45 of 2nd period - Shot by Claude Giroux.
5:45 of 2nd period - Shot Blocked by Chad Ruhwedel.
5:51 of 2nd period - Shot by Phil Kessel.
5:51 of 2nd period - Stopped by Kari Lehtonen without a rebound.
5:52 of 2nd period - Nazem Kadri wins face-off versus Brad Richards in Oilers zone.
5:57 of 2nd period - Shot by Ryan OReilly.
5:57 of 2nd period - Stopped by Kari Lehtonen without a rebound.
5:58 of 2nd period - Claude Giroux wins face-off versus Brad Richards in Oilers zone.
6:13 of 2nd period - Shot by Ryan Johansen.
6:13 of 2nd period - Stopped by Kari Lehtonen without a rebound.
6:14 of 2nd period - Ryan OReilly wins face-off versus Brad Richards in Oilers zone.
6:33 of 2nd period - Shot by Alex Pietrangelo.
6:33 of 2nd period - Shot Misses the Net.
7:38 of 2nd period - Shot by Aleksander Barkov.
7:38 of 2nd period - Shot Misses the Net.
8:56 of 2nd period - Shot by Claude Giroux.
8:56 of 2nd period - Deflect By Ryan Johansen.
8:56 of 2nd period - Shot Misses the Net.
9:18 of 2nd period - Shot by Justin Williams.
9:18 of 2nd period - Stopped by Henrik Lundqvist without a rebound.
9:19 of 2nd period - Nazem Kadri wins face-off versus Brad Richards in Canucks zone.
9:19 of 2nd period - Nazem Kadri is hit by Shane Doan.
9:37 of 2nd period - Shot by Brent Burns.
9:37 of 2nd period - Shot Misses the Net.
10:20 of 2nd period - Icing by Jonas Brodin.
10:21 of 2nd period - Logan Couture wins face-off versus Tyler Bozak in Canucks zone.
10:50 of 2nd period - Shot by Bobby Ryan.
10:50 of 2nd period - Shot Blocked by Jonas Brodin.
11:05 of 2nd period - Icing by Kevin Bieksa.
11:06 of 2nd period - Claude Giroux wins face-off versus Tyler Bozak in Oilers zone.
11:07 of 2nd period - Shot by Adam Henrique.
11:07 of 2nd period - Shot Misses the Net.
11:37 of 2nd period - Shot by Shawn Matthias.
11:37 of 2nd period - Stopped by Henrik Lundqvist without a rebound.
11:38 of 2nd period - Nazem Kadri wins face-off versus Brad Richards in Canucks zone.
12:36 of 2nd period - Icing by P.K. Subban.
12:37 of 2nd period - Tyler Bozak wins face-off versus Nazem Kadri in Canucks zone.
13:31 of 2nd period - Icing by P.K. Subban.
13:32 of 2nd period - Brad Richards wins face-off versus Nazem Kadri in Canucks zone.
13:37 of 2nd period - Shot by Brad Richards.
13:37 of 2nd period - Shot Blocked by Alex Pietrangelo.
14:01 of 2nd period - Shot by Mikkel Boedker.
14:01 of 2nd period - Stopped by Henrik Lundqvist without a rebound.
14:02 of 2nd period - Logan Couture wins face-off versus Dainius Zubrus in Canucks zone.
14:11 of 2nd period - Shot by Ryan OReilly.
14:11 of 2nd period - Stopped by Kari Lehtonen without a rebound.
14:12 of 2nd period - Dainius Zubrus wins face-off versus Claude Giroux in Oilers zone.
14:43 of 2nd period - Shot by Claude Giroux.
14:43 of 2nd period - Shot Misses the Net.
14:45 of 2nd period - Shot by Erik Karlsson.
14:45 of 2nd period - Stopped by Kari Lehtonen without a rebound.
14:46 of 2nd period - Logan Couture wins face-off versus Tyler Bozak in Oilers zone.
15:46 of 2nd period - Minor Penalty to Kevin Bieksa for Interference.
15:47 of 2nd period - Brad Richards wins face-off versus Claude Giroux in Oilers zone.
17:02 of 2nd period - Shot by Ryan OReilly.
17:02 of 2nd period - Stopped by Kari Lehtonen without a rebound.
17:03 of 2nd period - Brad Richards wins face-off versus Claude Giroux in Oilers zone.
17:14 of 2nd period - Shot by Claude Giroux.
17:14 of 2nd period - Shot Misses the Net.
17:16 of 2nd period - Shot by Alex Pietrangelo.
17:16 of 2nd period - Goal by Alex Pietrangelo - Canucks : 2 - Oilers : 2.
17:17 of 2nd period - Shawn Matthias wins face-off versus Marcus Kruger in neutral zone.
17:31 of 2nd period - Shot by Marc Methot.
17:31 of 2nd period - Shot Misses the Net.
17:33 of 2nd period - Shot by Shawn Matthias.
17:33 of 2nd period - Shot Blocked by Andrei Markov.
17:35 of 2nd period - Shot by Dainius Zubrus.
17:35 of 2nd period - Stopped by Henrik Lundqvist without a rebound.
17:36 of 2nd period - Claude Giroux wins face-off versus Tyler Bozak in Canucks zone.
18:15 of 2nd period - Shot by Ryan Johansen.
18:15 of 2nd period - Shot Misses the Net.
18:45 of 2nd period - Shot by Mikkel Boedker.
18:45 of 2nd period - Stopped by Henrik Lundqvist without a rebound.
18:46 of 2nd period - Dainius Zubrus wins face-off versus Logan Couture in Canucks zone.
Goals for this period are 1 for Canucks vs 1 for Oilers.
Shots for this period are 9 for Canucks vs 9 for Oilers.

3rd period


0:01 of 3rd period - Claude Giroux wins face-off versus Brad Richards in neutral zone.
0:08 of 3rd period - Icing by Mikkel Boedker.
0:09 of 3rd period - Claude Giroux wins face-off versus Brad Richards in Oilers zone.
2:28 of 3rd period - Shot by Tyler Bozak.
2:28 of 3rd period - Stopped by Henrik Lundqvist without a rebound.
2:29 of 3rd period - Dainius Zubrus wins face-off versus Claude Giroux in Canucks zone.
2:32 of 3rd period - Shot by Marc Methot.
2:32 of 3rd period - Deflect By Justin Williams.
2:32 of 3rd period - Stopped by Henrik Lundqvist without a rebound.
2:33 of 3rd period - Dainius Zubrus wins face-off versus Claude Giroux in Canucks zone.
2:33 of 3rd period - Dainius Zubrus is hit by Erik Karlsson.
2:54 of 3rd period - Shot by Claude Giroux.
2:54 of 3rd period - Shot Misses the Net.
2:56 of 3rd period - Shot by Ryan Johansen.
2:56 of 3rd period - Shot Misses the Net.
2:58 of 3rd period - Shot by Claude Giroux.
2:58 of 3rd period - Deflect By Ryan Johansen.
2:58 of 3rd period - Shot Misses the Net.
3:00 of 3rd period - Shot by Adam Henrique.
3:00 of 3rd period - Stopped by Kari Lehtonen without a rebound.
3:01 of 3rd period - Tyler Bozak wins face-off versus Phil Kessel in Oilers zone.
3:01 of 3rd period - Tyler Bozak is hit by Ryan OReilly.
3:40 of 3rd period - Shot by Tyler Bozak.
3:40 of 3rd period - Deflect By Mats Zuccarello.
3:40 of 3rd period - Stopped by Henrik Lundqvist without a rebound.
3:41 of 3rd period - Claude Giroux wins face-off versus Dainius Zubrus in Canucks zone.
3:41 of 3rd period - Erik Karlsson is hit by Justin Williams and loses puck.
3:47 of 3rd period - Off-side.
3:48 of 3rd period - Justin Williams wins face-off versus Claude Giroux in neutral zone.
3:56 of 3rd period - Off-side.
3:57 of 3rd period - Claude Giroux wins face-off versus Aleksander Barkov in neutral zone.
4:04 of 3rd period - Shot by Claude Giroux.
4:04 of 3rd period - Deflect By Adam Henrique.
4:04 of 3rd period - Shot Blocked by Marc Methot.
4:05 of 3rd period - Minor Penalty to Claude Giroux for Hooking.
4:06 of 3rd period - Tyler Bozak wins face-off versus Ryan OReilly in Canucks zone.
4:29 of 3rd period - Shot by Brian Campbell.
4:29 of 3rd period - Shot Misses the Net.
4:40 of 3rd period - Icing by Brian Campbell.
4:41 of 3rd period - Bobby Ryan wins face-off versus Ryan OReilly in Oilers zone.
5:39 of 3rd period - Shot by Jake Muzzin.
5:39 of 3rd period - Stopped by Henrik Lundqvist without a rebound.
5:40 of 3rd period - Brad Richards wins face-off versus Marcus Kruger in Canucks zone.
5:43 of 3rd period - Shot by Mikkel Boedker.
5:43 of 3rd period - Shot Hit the Post.
5:47 of 3rd period - Shot by Shane Doan.
5:47 of 3rd period - Goal by Shane Doan - Canucks : 2 - Oilers : 3.
5:48 of 3rd period - Dainius Zubrus wins face-off versus Claude Giroux in neutral zone.
5:48 of 3rd period - Justin Williams is hit by Claude Giroux and loses puck.
6:03 of 3rd period - Shot by Justin Williams.
6:03 of 3rd period - Stopped by Henrik Lundqvist with a rebound.
6:05 of 3rd period - Shot by Kyle Quincey.
6:05 of 3rd period - Shot Misses the Net.
6:07 of 3rd period - Shot by Justin Williams.
6:07 of 3rd period - Stopped by Henrik Lundqvist without a rebound.
6:08 of 3rd period - Tyler Bozak wins face-off versus Nazem Kadri in Canucks zone.
6:18 of 3rd period - Mats Zuccarello is hit by Erik Karlsson and loses puck.
6:33 of 3rd period - Shot by Erik Karlsson.
6:33 of 3rd period - Shot Blocked by Jake Muzzin.
6:35 of 3rd period - Shot by Erik Karlsson.
6:35 of 3rd period - Goal by Erik Karlsson - Canucks : 3 - Oilers : 3.
6:36 of 3rd period - Shane Doan wins face-off versus Claude Giroux in neutral zone.
6:50 of 3rd period - Shot by Claude Giroux.
6:50 of 3rd period - Shot Misses the Net.
6:57 of 3rd period - Minor Penalty to Chad Ruhwedel for Tripping.
6:58 of 3rd period - Brad Richards wins face-off versus Logan Couture in Oilers zone.
8:26 of 3rd period - Icing by Claude Giroux.
8:27 of 3rd period - Ryan Johansen wins face-off versus Brad Richards in Canucks zone.
8:32 of 3rd period - P.K. Subban is hit by Drew Miller and loses puck.
9:36 of 3rd period - Icing by Justin Braun.
9:37 of 3rd period - Nazem Kadri wins face-off versus Dainius Zubrus in Canucks zone.
9:56 of 3rd period - Kevin Bieksa is hit by Jonas Brodin and loses puck.
10:00 of 3rd period - Minor Penalty to Justin Braun for Roughing.
10:01 of 3rd period - Ryan OReilly wins face-off versus Brad Richards in Canucks zone.
10:01 of 3rd period - Ryan OReilly is hit by Shane Doan.
10:29 of 3rd period - Off-side.
10:30 of 3rd period - Ryan OReilly wins face-off versus Tyler Bozak in neutral zone.
10:45 of 3rd period - Jonas Brodin is hit by Mats Zuccarello and loses puck.
11:11 of 3rd period - Erik Karlsson is hit by Bobby Ryan and loses puck.
11:18 of 3rd period - Brian Campbell is hit by Ryan OReilly and loses puck.
12:31 of 3rd period - Shot by Kyle Quincey.
12:31 of 3rd period - Stopped by Henrik Lundqvist without a rebound.
12:32 of 3rd period - Claude Giroux wins face-off versus Brad Richards in Canucks zone.
12:32 of 3rd period - Claude Giroux is hit by Shane Doan.
12:33 of 3rd period - Minor Penalty to Mikkel Boedker for Tripping.
12:34 of 3rd period - Claude Giroux wins face-off versus Brad Richards in Oilers zone.
12:34 of 3rd period - Claude Giroux is hit by Marc Methot.
13:08 of 3rd period - Brad Richards is hit by Claude Giroux and loses puck.
14:03 of 3rd period - Shot by Brent Burns.
14:03 of 3rd period - Shot Misses the Net.
14:05 of 3rd period - Shot by Nazem Kadri.
14:05 of 3rd period - Shot Misses the Net.
14:59 of 3rd period - Vladimir Sobotka is hit by Jake Muzzin and loses puck.
15:32 of 3rd period - Shawn Matthias is hit by Erik Karlsson and loses puck.
16:00 of 3rd period - Icing by Bobby Ryan.
16:01 of 3rd period - Tyler Bozak wins face-off versus Claude Giroux in Oilers zone.
16:01 of 3rd period - Tyler Bozak is hit by Adam Henrique.
16:17 of 3rd period - Shot by Alex Pietrangelo.
16:17 of 3rd period - Stopped by Kari Lehtonen without a rebound.
16:18 of 3rd period - Brad Richards wins face-off versus Claude Giroux in Oilers zone.
16:49 of 3rd period - Shot by Shane Doan.
16:49 of 3rd period - Shot Misses the Net.
17:05 of 3rd period - Shot by Brad Richards.
17:05 of 3rd period - Stopped by Henrik Lundqvist without a rebound.
17:06 of 3rd period - Tyler Bozak wins face-off versus Nazem Kadri in Canucks zone.
17:15 of 3rd period - Shot by Chris Kreider.
17:15 of 3rd period - Goal by Chris Kreider - Canucks : 4 - Oilers : 3.
17:16 of 3rd period - Tyler Bozak wins face-off versus Logan Couture in neutral zone.
17:26 of 3rd period - Mats Zuccarello is hit by Erik Karlsson and loses puck.
17:41 of 3rd period - Shot by Ryan OReilly.
17:41 of 3rd period - Shot Misses the Net.
17:43 of 3rd period - Shot by Phil Kessel.
17:43 of 3rd period - Stopped by Kari Lehtonen without a rebound.
17:44 of 3rd period - Brad Richards wins face-off versus Nazem Kadri in Oilers zone.
17:51 of 3rd period - Chris Kreider is hit by Shane Doan and loses puck.
18:15 of 3rd period - Icing by Justin Braun.
18:16 of 3rd period - Tyler Bozak wins face-off versus Nazem Kadri in Canucks zone.
18:46 of 3rd period - Icing by Brian Campbell.
18:47 of 3rd period - Logan Couture wins face-off versus Tyler Bozak in Oilers zone.
19:00 of 3rd period - Shot by Logan Couture.
19:00 of 3rd period - Shot Misses the Net.
19:02 of 3rd period - Shot by Phil Kessel.
19:02 of 3rd period - Stopped by Kari Lehtonen without a rebound.
19:03 of 3rd period - Ryan Johansen wins face-off versus Tyler Bozak in Oilers zone.
19:13 of 3rd period - Adam Henrique is hit by Kevin Bieksa and loses puck.
19:20 of 3rd period - Oilers, Kari Lehtonen is pulled from the net.
19:25 of 3rd period - Shane Doan is hit by Andrei Markov.
19:31 of 3rd period - Shot by Mats Zuccarello.
19:31 of 3rd period - Deflect By Tyler Bozak.
19:31 of 3rd period - Shot Misses the Net.
19:48 of 3rd period - Shot by Shane Doan.
19:48 of 3rd period - Stopped by Henrik Lundqvist without a rebound.
19:49 of 3rd period - Ryan Johansen wins face-off versus Dainius Zubrus in Canucks zone.
Goals for this period are 2 for Canucks vs 1 for Oilers.
Shots for this period are 6 for Canucks vs 10 for Oilers.


Output by the SimonT Hockey Simulator (STHS) for Stephane Roy -- Original Page W3C XHTML 1.0 Valid
Hockey Simulator - Hockey Simulation - Hockey Manager